 Dungeon Crawl Stone Soup version 0.23.1-37-gaa34b87b72 (webtiles) character file.

Game seed: 485463543179888512

805 Gargoyl the Skirmisher (level 7, 0/70 HPs)
             Began as a Centaur Abyssal Knight on Mar 22, 2019.
             Was a Believer of Lugonu.
             Succumbed to a hornet's poison
             ... on level 3 of the Dungeon on Mar 26, 2019.
             The game lasted 00:07:47 (3385 turns).

Gargoyl the Skirmisher (Centaur Abyssal Knight)     Turns: 3385, Time: 00:07:48

Health: 0/70       AC:  4    Str: 19    XL:     7   Next: 60%
Magic:  8/9        EV:  9    Int: 11    God:    Lugonu [**....]
Gold:   155        SH:  0    Dex: 11    Spells: 6/6 levels left

rFire    + + .     SeeInvis .   a - +1 hand axe
rCold    . . .     Gourm    .   (no shield)
rNeg     . . .     Faith    .   b - +0 leather armour
rPois    .         Spirit   .   (helmet restricted)
rElec    .         Reflect  .   (no cloak)
rCorr    .         Harm     .   (no gloves)
MR       .....                  (no barding)
Stlth    +.........             (no amulet)
HPRegen  0.21/turn              l - ring of protection from fire
MPRegen  0.11/turn              (no ring)

@: mighty, lethally poisoned (0 -> -17), very quick
A: large, antennae 1, hooves 3, deformed body, deterioration 1, fire resistance
1, speed 2, robust 1, tough skin 3
a: Depart the Abyss, Bend Space, Renounce Religion


You were on level 3 of the Dungeon.
You worshipped Lugonu.
Lugonu was pleased with you.
You were hungry.

You visited 1 branch of the dungeon, and saw 4 of its levels.
You visited the Abyss 1 time.

You collected 155 gold pieces.

Inventory:

Hand Weapons
 a - a +1 hand axe (weapon)
 m - a +0 whip of holy wrath
 v - a +0 broad axe
Armour
 b - a +0 leather armour (worn)
 r - a +0 ring mail
Jewellery
 l - a ring of protection from fire (left hand)
 w - an uncursed ring of resist corrosion {unknown}
Wands
 f - a wand of enslavement (5)
Scrolls
 g - 3 scrolls of remove curse
 p - 2 scrolls of teleportation
 s - 3 scrolls of amnesia
 u - a scroll of fog
 x - a scroll of identify {unknown}
Potions
 d - a potion of curing {unknown}
 e - 2 potions of lignification
 h - a potion of heal wounds {unknown}
 i - a potion of flight
 j - a potion of mutation
 k - a potion of brilliance {unknown}
 n - a potion of cancellation {unknown}
 o - a potion of resistance {unknown}
 q - a potion of invisibility {unknown}
 t - a potion of might
Comestibles
 c - 9 rations


   Skills:
 + Level 6.5 Fighting
 + Level 3.5 Axes
 * Level 2.9 Armour
 * Level 1.5 Dodging
 * Level 3.6 Invocations
 + Level 1.0 Evocations


You had 6 spell levels left.
You didn't know any spells.
Your spell library contained the following spells:

 Spells                   Type           Power        Failure   Level  Hunger
 Beastly Appendage        Tmut           #.....       38%         1    ##.....
 Sticks to Snakes         Tmut           #.......     54%         2    ###....
 Spider Form              Tmut/Pois      #.........   77%         3    ####...
 Ice Form                 Ice/Tmut       #.......     99%         4    #####..
 Blade Hands              Tmut           #.........   100%        5    ######.


Dungeon Overview and Level Annotations

Branches:
Dungeon (4/15)
 Temple: D:4-7

Altars:
Ashenzari
Makhleb


Innate Abilities, Weirdness & Mutations

You have hooves in place of feet.
Armour fits poorly on your strangely shaped body.
You cover ground very quickly.
You have extremely tough skin. (AC +3)
You have a pair of small antennae on your head.
Your body sometimes deteriorates upon taking damage.
Your flesh is heat resistant. (rF+)
You are robust. (+10% HP)


Message History

Unknown command.
Unknown command.
Space bends around you!
You blink.
* * * LOW HITPOINT WARNING * * *
You feel sick.
It was a potion of mutation.
You feel extremely strange.
You feel yourself wasting away. A pair of antennae grows on your head!
You feel resistant to heat.
You feel robust.
You feel sick. The iguana bites you.
* * * LOW HITPOINT WARNING * * *
The jackal bites you.
* * * LOW HITPOINT WARNING * * *
The hornet stings you.
* * * LOW HITPOINT WARNING * * *
You are more poisoned.
You feel as though you will be slow longer.
The iguana closely misses you.
It was a potion of might.
You feel very mighty all of a sudden.
You feel yourself speed up.
You die...

#......# ########## #.####.#
#........# ######.# #.#
#........# #####......# #.#
##........######...#.#########.#
('.............>O#.#.##........#
##........###.##a#.#.##.########
........#.# #..hl#.#.##.#
...####.#.# #..#@y.#.##.#
...####.#+###..#####..#.#
...#...(...##.........#.#
...#.......##.#########.#
...#....................#
...#.......##.###########
...#................#
....####............# ....#
#............######


You could see a hornet, an ogre, an iguana, a worker ant and a jackal.

Vanquished Creatures
  A worldbinder (Abyss:2)
  Sigmund (D:2)
  A wraith (Abyss:2)
  A hound (D:3)
  A bullfrog skeleton (D:3)
  3 adders
  A white imp (Abyss:2)
  An ooze (D:3)
  An ufetubus (Abyss:2)
  A dart slug (D:1)
  2 leopard geckos
  6 bats
  5 giant cockroaches
  6 goblins
  4 hobgoblins
  6 jackals
  3 frilled lizards (D:1)
  9 kobolds
  8 rats
61 creatures vanquished.

Notes
Turn   | Place    | Note
-------+----------+-------------------------------------------
     0 | Abyss:1  | Gargoyl the Centaur Abyssal Knight began the quest for the
                  | Orb.
     0 | Abyss:1  | Reached XP level 1. HP: 19/19 MP: 2/2
    33 | Abyss:1  | Noticed a small abomination
    55 | Abyss:1  | Noticed a freezing wraith
    69 | Abyss:1  | Noticed a bone dragon
    70 | Abyss:1  | Noticed a small abomination
    79 | Abyss:1  | Noticed a large abomination
   141 | Abyss:2  | Noticed a worldbinder
   147 | Abyss:2  | Noticed a shadow
   147 | Abyss:2  | Noticed a necromancer
   147 | Abyss:2  | Noticed a shadow
   157 | Abyss:2  | Killed a worldbinder
   157 | Abyss:2  | Reached skill level 5 in Fighting
   157 | Abyss:2  | Reached XP level 2. HP: 30/30 MP: 2/4
   158 | Abyss:2  | Reached XP level 3. HP: 37/37 MP: 2/5
   158 | Abyss:2  | Reached XP level 4. HP: 44/44 MP: 2/6
   158 | Abyss:2  | Reached XP level 5. HP: 50/50 MP: 2/7
   158 | Abyss:2  | Reached XP level 6. HP: 57/57 MP: 2/8
   167 | Abyss:2  | Noticed a wraith
   180 | Abyss:2  | Killed a wraith
   180 | Abyss:2  | Reached skill level 6 in Fighting
   195 | Abyss:2  | Noticed a rust devil
   198 | Abyss:2  | Noticed a small abomination
   203 | Abyss:2  | Noticed an ancient zyme
   209 | Abyss:2  | Noticed a smoke demon
   222 | D:1      | Escaped the Abyss
   605 | D:1      | Reached * piety under Lugonu
   617 | D:1      | Reached XP level 7. HP: 64/64 MP: 9/9
  1521 | D:2      | Reached skill level 1 in Evocations
  1530 | D:2      | Found a burning altar of Makhleb.
  1870 | D:2      | Noticed Sigmund
  1906 | D:2      | Killed Sigmund
  1906 | D:2      | Reached skill level 1 in Dodging
  2293 | D:2      | Found a shattered altar of Ashenzari.
  2491 | D:2      | Reached ** piety under Lugonu
  3293 | D:4      | Noticed a hornet
  3384 | D:3      | Gained mutation: Your body sometimes deteriorates upon
                  | taking damage. [potion of mutation]
  3384 | D:3      | Gained mutation: You have a pair of small antennae on your
                  | head. [potion of mutation]
  3384 | D:3      | Gained mutation: Your flesh is heat resistant. (rF+)
                  | [potion of mutation]
  3384 | D:3      | Gained mutation: You are robust. (+10% HP) [potion of
                  | mutation]
  3384 | D:3      | HP: 3/70 [jackal (2)]
  3384 | D:3      | HP: 1/70 [hornet (2)]
  3385 | D:3      | Succumbed to a hornet's poison

Skill      XL: |  1  2  3  4  5  6  7 |
---------------+----------------------+-----
Fighting       | 5 6 |  6.5
Axes           | 2 3 |  3.5
Armour         | 2 |  2.9
Invocations    | 3 |  3.6
Evocations     | 1 |  1.0
Dodging        | 1 |  1.5

Action                   |  1- 3 |  4- 6 |  7- 9 || total
-------------------------+-------+-------+-------++-------
Melee: Hand axe          |       |    13 |   152 ||   165
       Kick              |       |     1 |    31 ||    32
Invok: Depart the Abyss  |       |     1 |       ||     1
       Bend Space        |       |       |     1 ||     1
Evoke: Wand              |     4 |     9 |       ||    13
  Use: Potion            |     1 |     1 |     2 ||     4
       Scroll            |     1 |       |     4 ||     5
  Eat: Chunk             |       |       |     5 ||     5
Armor: Leather armour    |       |     8 |    84 ||    92
Dodge: Dodged            |     1 |    14 |   132 ||   147
